 Dungeon Crawl Stone Soup version 0.29.1-13-g9f3cf754e1 (webtiles) character file.

Game seed: 2270297187124860830

702 MisterFreud the Twirler (level 7, -6/56 HPs)
             Began as a Formicid Gladiator on Jan 24, 2023.
             Was an Initiate of Yredelemnul.
             Mangled by an orc warrior
             ... wielding a +0 dire flail
              (9 damage)
             ... on level 8 of the Dungeon.
             The game lasted 00:05:42 (4721 turns).

MisterFreud the Twirler (Formicid Gladiator)        Turns: 4721, Time: 00:05:44

Health: -6/56      AC:  8    Str: 19    XL:     7   Next: 98%
Magic:  7/7        EV: 13    Int:  7    God:    Yredelemnul [......]
Gold:   254        SH:  0    Dex: 19    Spells: 6/6 levels left

rFire   . . .      SeeInvis +   f - +1 lajatang (elec)
rCold   . . .      Faith    .   (no shield)
rNeg    . . .      Spirit   .   b - +1 leather armour
rPois   .          Reflect  .   (helmet unavailable)
rElec   .          Harm     .   (no cloak)
rCorr   +          Rampage  ∞   (no gloves)
Will    .....                   q - +3 pair of seven-league boots {Rampage+∞}
Stlth   +.........              (no amulet)
HPRegen 0.18/turn               l - ring of resist corrosion
MPRegen 0.10/turn               (no ring)

@: no status effects
A: permanent stasis, dig shafts and tunnels, antennae 3, four strong arms, agile
1
a: Dig, Shaft Self, Renounce Religion, Recall Undead Harvest


You were on level 8 of the Dungeon.
You worshipped Yredelemnul.
Yredelemnul was noncommittal.
You visited 2 branches of the dungeon, and saw 8 of its levels.

You collected 254 gold pieces.

Inventory:

Hand Weapons
 a - a +1 vorpal quarterstaff
 f - a +1 lajatang of electrocution (weapon)
Missiles
 c - 3 throwing nets (quivered)
 d - a javelin
 h - 2 curare-tipped darts
 o - 5 boomerangs
Armour
 b - a +1 leather armour (worn)
 q - the +3 pair of seven-league boots (worn) {Rampage+∞}
   (You acquired it on level 3 of the Dungeon)

   Its wearer moves as far as possible in that direction when moving towards
   enemies.
Jewellery
 l - a ring of resist corrosion (left hand)
Scrolls
 i - a scroll of magic mapping
 p - 3 scrolls of fear
Potions
 e - a potion of berserk rage
 m - 2 potions of mutation
 n - 5 potions of curing
 r - a potion of invisibility {unknown}


   Skills:
 - Level 5.0 Fighting
 + Level 6.0 Staves
 - Level 2.0 Throwing
 - Level 5.0 Armour
 - Level 2.6 Dodging


You had 6 spell levels left.
You didn't know any spells.
Your spell library contained the following spells:

 Spells                   Type           Power      Damage    Failure   Level
 Summon Small Mammal      Summ           0%         N/A       47%         1
 Static Discharge         Conj/Air       0%         3-3/arc   63%         2
 Call Canine Familiar     Summ           0%         N/A       85%         3
 Summon Guardian Golem    Hex/Summ       0%         N/A       85%         3
 Lightning Bolt           Conj/Air       0%         1d11      100%        5
 Maxwell's Capacitive Co  Air            0%         ∞         100%        8


Dungeon Overview and Level Annotations

Branches:
Dungeon (7/15)             Temple (1/1) D:4

Altars:
Ashenzari
Cheibriados
Dithmenos
Elyvilon
Fedhas
Gozag
Hepliaklqana
Kikubaaqudgha
Makhleb
Okawaru
Ru
Trog
Uskayaw
Vehumet
Wu Jian
Xom
Yredelemnul
Zin
The Shining One

Annotations:
D:4 Grinder
D:7 Dowan, Duvessa
Temple 2 transporters


Innate Abilities, Weirdness & Mutations

You cannot be hasted, slowed, berserked, paralysed or teleported.
You can dig through walls and to a lower floor.
You have a pair of large antennae on your head. (SInv)
Your four strong arms can wield two-handed weapons with a shield.
You are agile. (Dex +4, Str/Int -1)


Message History

An orc warrior comes into view. It is wielding a +0 dire flail.
An orc warrior is nearby!
You swap places.
You swap places.
Your ice beast zombie misses the orc warrior.
The orc warrior hits your ice beast zombie with a +0 dire flail!
Your ice beast zombie hits the orc warrior.
The orc warrior hits your ice beast zombie with a +0 dire flail!
Your ice beast zombie barely misses the orc warrior.
The orc warrior barely misses your ice beast zombie.
Your ice beast zombie barely misses the orc warrior.
The orc warrior hits your ice beast zombie with a +0 dire flail.
The orc warrior hits your ice beast zombie with a +0 dire flail.
Your ice beast zombie completely misses the orc warrior.
The orc warrior hits your ice beast zombie with a +0 dire flail!
Your ice beast zombie is destroyed!
The orc warrior hits your jelly zombie with a +0 dire flail!
Your jelly zombie hits the orc warrior but does no damage.
The orc warrior hits your jelly zombie with a +0 dire flail!
Your jelly zombie is destroyed!
The orc warrior hits your howler monkey zombie with a +0 dire flail!
Your howler monkey zombie hits the orc warrior but does no damage.
The orc warrior hits your howler monkey zombie with a +0 dire flail.
Your howler monkey zombie closely misses the orc warrior.
The orc warrior hits your howler monkey zombie with a +0 dire flail!
Your howler monkey zombie is destroyed!
You stride towards the orc warrior!
You barely miss the orc warrior.
The orc warrior is lightly wounded.
The orc warrior hits you with a +0 dire flail!!
* * * LOW HITPOINT WARNING * * *
You slash the orc warrior!
The orc warrior is severely wounded.
The orc warrior closely misses you.
You hit the orc warrior but do no damage.
The orc warrior is severely wounded.
The orc warrior hits you with a +0 dire flail!
* * * LOW HITPOINT WARNING * * *
The orc warrior hits you with a +0 dire flail!
You die...
Your body rises from the dead as a mindless zombie.

#.........##.###...###
+.........').......#
#.........####...###
#.......## ##.##
##.....## #.# ##...##
#.# ##.## #.# #.# ..#
#@# .## #o# . ...
..).. ......# ...#.#..
##.##.#### ## #.#


You could see an orc warrior.

Vanquished Creatures
  A steam dragon (D:7)
  Menkaure (D:7)
  Pargi (D:3)
  An ice beast (D:8)
  A howler monkey (D:8)
  A jelly (D:8)
  3 gnolls
  7 adders
  A worm (D:3)
  4 dart slugs (D:2)
  8 orcs
  5 endoplasms
  4 giant cockroaches
  5 goblins
  9 hobgoblins
  8 jackals
  7 kobolds
  4 quokkas
  5 ball pythons
  4 bats
  7 frilled lizards
  3 rats
90 creatures vanquished.

Vanquished Creatures (others)
  An ice beast zombie (D:8)
  A howler monkey zombie (D:8)
  A steam dragon zombie (D:7)
  A jelly zombie (D:8)
4 creatures vanquished.

Grand Total: 94 creatures vanquished

Notes
Turn   | Place    | Note
-------+----------+-------------------------------------------
     0 | D:1      | MisterFreud the Formicid Gladiator began the quest for the
                  | Orb.
     0 | D:1      | Reached XP level 1. HP: 16/16 MP: 1/1
   221 | D:1      | Reached XP level 2. HP: 22/22 MP: 2/2
   434 | D:1      | Reached skill level 4 in Staves
   434 | D:1      | Reached XP level 3. HP: 24/27 MP: 3/3
  1054 | D:2      | Reached XP level 4. HP: 4/33 MP: 4/4
  1685 | D:2      | Reached skill level 5 in Staves
  2084 | D:2      | Reached XP level 5. HP: 13/38 MP: 5/5
  2970 | D:2      | Found a faded altar of an unknown god.
  3232 | D:3      | Reached skill level 6 in Staves
  3540 | D:3      | Found a sacrificial altar of Ru.
  3549 | D:3      | Noticed Pargi
  3557 | D:3      | Killed Pargi
  3558 | D:3      | Reached XP level 6. HP: 20/48 MP: 6/6
  4022 | D:3      | Identified 2 scrolls of acquirement
  4022 | D:3      | Acquired the +3 pair of seven-league boots {Rampage+∞}
  4022 | D:3      | Found the +3 pair of seven-league boots {Rampage+∞}
  4086 | D:4      | Found a staircase to the Ecumenical Temple.
  4096 | Temple   | Entered the Ecumenical Temple
  4096 | Temple   | Found a transporter.
  4096 | Temple   | Found a transporter.
  4098 | Temple   | Found a transporter.
  4098 | Temple   | Found a transporter.
  4110 | Temple   | Became a worshipper of Yredelemnul the Dark
  4204 | D:4      | Noticed Grinder
  4204 | D:4      | Noticed a black bear
  4207 | D:4      | Found an ancient bone altar of Kikubaaqudgha.
  4216 | D:4      | You fall into a shaft and drop 2 floors!
  4233 | D:6      | You fall into a shaft and drop 1 floor!
  4327 | D:7      | Noticed a steam dragon
  4328 | D:7      | Noticed Menkaure
  4341 | D:7      | Killed Menkaure
  4342 | D:7      | Reached skill level 5 in Fighting
  4342 | D:7      | Reached skill level 1 in Armour
  4342 | D:7      | Reached XP level 7. HP: 37/56 MP: 7/7
  4346 | D:7      | Killed a steam dragon
  4350 | D:7      | Noticed Duvessa
  4363 | D:7      | Noticed Dowan
  4368 | D:7      | Gained mutation: You are agile. (Dex +4, Str/Int -1)
                  | [potion of mutation]
  4378 | D:7      | You fall into a shaft and drop 1 floor!
  4658 | D:8      | Acquired a +1 lajatang of electrocution
  4674 | D:8      | Reached * piety under Yredelemnul
  4695 | D:8      | Reached skill level 5 in Armour
  4721 | D:8      | Mangled by an orc warrior

Illustrated notes

Levels and vault maps discovered:
D:1:      sevenhm_arrival_forest_fort_small_6, layout_loops_ring
D:2:      layout_rooms, hellmonk_ecumenical_altar_leap_of_faith,
          guppyfry_early_orc_mine
D:3:      layout_rooms, hangedman_ru_absence, uniq_pargi
D:4:      layout_loops_corners, grunt_temple_overflow_open,
          minmay_temple_entry_statues_pillars, gup_sewer_entry_bowl,
          kennysheep_windowed_goal, uniq_grinder
D:6:      layout_rooms, uniq_blork_the_orc, uniq_pikel, uniq_sigmund
D:7:      layout_rooms, uniq_joseph, uniq_duvessa, uniq_menkaure
D:8:      layout_loops_corners, st_stairs_10, nicolae_sextant
Temple:   hellmonk_temple_divided_pantheon

Skill      XL: |  1  2  3  4  5  6  7 |
---------------+----------------------+-----
Staves         | 4 5 6 |  6.0
Fighting       | 4 5 |  5.0
Armour         | 1 5 |  5.0
Throwing       | |  2.0
Dodging        | |  2.6

Action                   |  1- 3 |  4- 6 |  7- 9 || total
-------------------------+-------+-------+-------++-------
Melee: Quarterstaff      |    78 |   166 |    14 ||   258
       Punch             |       |     1 |     2 ||     3
       Lajatang          |       |       |    15 ||    15
 Abil: Shaft Self        |       |     2 |     1 ||     3
  Use: Scroll            |     6 |     5 |     1 ||    12
       Potion            |     1 |       |     5 ||     6
Armor: Leather armour    |    24 |    61 |     8 ||    93
       Skin              |     3 |       |       ||     3
Dodge: Dodged            |    47 |   101 |    15 ||   163
